 Dungeon Crawl Stone Soup version 0.29.1-12-g30fa7ad0bf (webtiles) character file.

Game seed: 16272480002577336974

2321 sweetbreads the Covert (level 9, 34/39 HPs)
             Began as a Spriggan Enchanter on Jan 7, 2023.
             Was a Believer of Okawaru.
             Quit the game on level 6 of the Dungeon.
             The game lasted 00:28:46 (8187 turns).

sweetbreads the Covert (Spriggan Enchanter)         Turns: 8187, Time: 00:28:47

Health: 34/39      AC:  5    Str:  4    XL:     9   Next: 19%
Magic:  9/14       EV: 19    Int: 21    God:    Okawaru [**....]
Gold:   420        SH:  0    Dex: 15    Spells: 6/14 levels left

rFire   . . .      SeeInvis +   a - +2 dagger (holy)
rCold   . . .      Faith    .   (no shield)
rNeg    . . .      Spirit   .   m - +0 robe
rPois   .          Reflect  .   (helmet restricted)
rElec   .          Harm     .   x - +2 cloak
rCorr   .          Rampage  .   (gloves unavailable)
Will    ++...                   (boots unavailable)
Stlth   ++++......              (no amulet)
HPRegen 0.13/turn               s - ring of willpower
MPRegen 0.14/turn               (no ring)

@: very quick
A: very small, no large weapons, unfitting armour, see invisible, speed 3
a: Renounce Religion, Heroism


You were on level 6 of the Dungeon.
You worshipped Okawaru.
Okawaru was pleased with you.
You visited 2 branches of the dungeon, and saw 8 of its levels.
You also visited: Ossuary.

You collected 420 gold pieces.

Inventory:

Hand Weapons
 a - a +2 dagger of holy wrath (weapon)
 b - a +1 dagger
 q - a +4 vorpal flail
 v - a +0 rapier
 w - a +3 quarterstaff of chaos
 y - a +1 whip of flaming
 E - a +2 shortbow of flaming
Missiles
 g - 19 poisoned darts (quivered)
Armour
 m - a +0 robe (worn)
 x - a +2 cloak (worn)
 z - a +3 leather armour
 B - an orb of wrath
Jewellery
 j - an amulet of regeneration
 s - a ring of willpower (left hand)
Wands
 r - a wand of charming (5)
Scrolls
 h - 2 scrolls of immolation
 n - 3 scrolls of teleportation
 p - 2 scrolls of vulnerability
 u - 2 scrolls of identify
 C - a scroll of magic mapping {unknown}
Potions
 c - 2 potions of invisibility
 d - a potion of resistance
 e - 6 potions of curing
 f - a potion of heal wounds {unknown}
 i - a potion of mutation {unknown}
 k - a potion of magic {unknown}
 l - a potion of degeneration {unknown}
 o - 2 potions of might
 t - a potion of haste {unknown}
 A - 3 potions of brilliance
 D - a potion of lignification {unknown}


   Skills:
 - Level 2.0 Short Blades
 - Level 0.9(1.2) Axes
 - Level 0.5(1.1) Maces & Flails
 - Level 0.6(1.1) Polearms
 - Level 0.8(1.1) Staves
 + Level 0.8 Ranged Weapons
 + Level 1.0 Throwing
 - Level 6.0 Dodging
 - Level 10.0 Stealth
 + Level 0.8 Shields
 - Level 3.0 Spellcasting
 - Level 0.6 Conjurations
 - Level 10.0 Hexes
 - Level 0.6 Summonings
 - Level 1.1 Necromancy
 - Level 2.0 Translocations
 - Level 1.7 Transmutations
 - Level 0.9 Fire Magic
 - Level 0.8 Air Magic
 + Level 1.0 Earth Magic
 + Level 1.0 Poison Magic
 + Level 1.0 Invocations
 + Level 1.3 Evocations


You had 6 spell levels left.
You knew the following spells:

 Your Spells              Type           Power      Damage    Failure   Level
a - Ensorcelled Hibernat  Hex/Ice        48%        N/A       2%          2
b - Confusing Touch       Hex            45%        N/A       1%          3
c - Tukima's Dance        Hex            45%        N/A       1%          3

Your spell library contained the following spells:

 Spells                   Type           Power      Damage    Failure   Level
 Dazzling Flash           Conj/Hex       50%        N/A       4%          3
 Blink                    Tloc           22%        N/A       9%          2
 Magic Dart               Conj           20%        1d4       11%         1
 Searing Ray              Conj           10%        2d4       16%         2
 Fulminant Prism          Conj/Hex       12%        3d9       16%         4
 Lesser Beckoning         Tloc           11%        N/A       17%         3
 Manifold Assault         Tloc           11%        N/A       85%         5


Dungeon Overview and Level Annotations

Branches:
Dungeon (7/15)             Temple (1/1) D:5         Ossuary (visited)

Altars:
Ashenzari
Cheibriados
Hepliaklqana
Kikubaaqudgha
Makhleb
Okawaru
Qazlal
Sif Muna
Trog
Uskayaw
Vehumet
Wu Jian
Xom
Yredelemnul

Annotations:
D:6 Sigmund


Innate Abilities, Weirdness & Mutations

You are very small and have problems with some larger weapons.
You are too small for most types of armour.
You have supernaturally acute eyesight. (SInv)
You cover ground extremely quickly. (Speed+++)


Message History

The necrophage misses you.
You hit the necrophage.
The necrophage convulses.
The necrophage is moderately damaged.
The necrophage barely misses you.
There is a fountain of clear blue water here.
You hit the necrophage.
The necrophage convulses.
The necrophage is moderately damaged.
You hit the necrophage.
The necrophage convulses.
The necrophage is severely damaged.
You catch the helpless necrophage completely off-guard!
You impale the necrophage!!
You destroy the necrophage!
Okawaru accepts your kill.
Your Poison Magic skill increases to level 1!
You see here a necrophage corpse.
You now have 355 gold pieces (gained 14).
Items here: )))) [ †††.
E - a +2 shortbow of flaming You see here an iguana corpse.
You now have 370 gold pieces (gained 15).
There is a stone staircase leading down here.
You now have 392 gold pieces (gained 22).
You start resting.
An orc comes into view. It is wielding a +0 club.
There is a stone staircase leading down here.
Found 8 gold pieces.
You hit the orc.
The orc is severely wounded.
The orc closely misses you.
You hit the orc.
The orc is almost dead.
The orc misses you.
You hit the orc.
You kill the orc!
Okawaru accepts your kill.
Your Translocations skill increases to level 2!
You now have 400 gold pieces (gained 8).
You now have 420 gold pieces (gained 20).
You see here a +0 club.
Are you sure you want to abandon this character and quit the game? (Confirm with "yes".)

#### #.8.
#...
##..######
#..##..≈.##
#######
##@##≈.....##
#.(...#
#..#..#.†#..#
#.....#
#..#..#>⌠#..#
#######.....#
##.#.≈..†).##
......#.....#
#..##.§..##
#####.##'####
##..######
#####.##.#
##...
......##.#
#.8..
.......#.#
#####


There were no monsters in sight!

Vanquished Creatures
  Pikel (D:5)
  Prince Ribbit (D:5)
  Edmund (D:5)
  2 ogres
  2 centaurs
  A bullfrog (D:6)
  A kobold brigand (D:6)
  An elf zombie (Ossuary)
  A gnoll sergeant (D:6)
  3 scorpions
  2 necrophages
  2 howler monkeys (D:5)
  A centaur zombie (Ossuary)
  3 human zombies (Ossuary)
  2 hounds
  Crazy Yiuf (D:3)
  An orc priest (D:5)
  3 iguanas
  A hound zombie (Ossuary)
  3 mummies (Ossuary)
  5 gnolls
  5 adders
  3 white imps
  3 worms
  A dart slug (D:2)
  6 orcs
  7 ball pythons
  6 endoplasms
  4 giant cockroaches
  3 gnoll zombies (Ossuary)
  2 goblins
  6 hobgoblins
  4 quokkas
  6 bats
  2 frilled lizards (D:1)
  4 goblin zombies (Ossuary)
  6 hobgoblin zombies (Ossuary)
  3 jackal zombies (Ossuary)
  9 kobolds
  2 kobold zombies (Ossuary)
  3 orc zombies (Ossuary)
  4 quokka zombies (Ossuary)
  10 rats
  6 rat zombies (Ossuary)
143 creatures vanquished.

Notes
Turn   | Place    | Note
-------+----------+-------------------------------------------
     0 | D:1      | sweetbreads the Spriggan Enchanter began the quest for the
                  | Orb.
     0 | D:1      | Reached XP level 1. HP: 9/9 MP: 5/5
   346 | D:1      | Reached XP level 2. HP: 13/13 MP: 6/6
   349 | D:1      | Learned a level 2 spell: Ensorcelled Hibernation
   890 | D:2      | Reached skill level 5 in Stealth
   890 | D:2      | Reached XP level 3. HP: 16/16 MP: 6/8
   912 | D:1      | Learned a level 3 spell: Confusing Touch
   916 | D:1      | Learned a level 3 spell: Tukima's Dance
  2225 | D:2      | Reached XP level 4. HP: 21/21 MP: 6/9
  3163 | D:3      | Found a runed translucent door.
  3164 | D:3      | Noticed Crazy Yiuf
  3172 | D:3      | HP: 1/21 [Crazy Yiuf/+3 quarterstaff of chaos (14)]
  3692 | D:3      | Killed Crazy Yiuf
  3880 | D:4      | Reached XP level 5. HP: 24/24 MP: 7/10
  4287 | D:4      | Reached skill level 5 in Hexes
  4418 | D:4      | Reached XP level 6. HP: 12/28 MP: 11/11
  5016 | D:5      | Entered Level 5 of the Dungeon
  5231 | D:5      | Noticed Edmund
  5284 | D:5      | Noticed Prince Ribbit
  5394 | D:5      | Killed Prince Ribbit
  5395 | D:5      | Reached skill level 5 in Dodging
  5395 | D:5      | Reached XP level 7. HP: 19/32 MP: 8/12
  5627 | D:5      | Reached skill level 10 in Stealth
  5811 | D:5      | Found a staircase to the Ecumenical Temple.
  5816 | Temple   | Entered the Ecumenical Temple
  5964 | Temple   | Became a worshipper of Warmaster Okawaru
  6013 | D:5      | Noticed Pikel
  6547 | D:5      | Killed Edmund
  6548 | D:5      | Reached XP level 8. HP: 28/36 MP: 10/13
  6681 | D:5      | Killed Pikel
  6681 | D:5      | Reached * piety under Okawaru
  6682 | D:5      | Reached skill level 10 in Hexes
  6790 | D:5      | Found an ancient bone altar of Kikubaaqudgha.
  6876 | D:6      | Noticed Sigmund
  6908 | D:6      | Found a broken altar of Ashenzari.
  6931 | D:6      | Reached ** piety under Okawaru
  6988 | D:6      | Found a sand-covered staircase.
  6993 | Ossuary  | Entered an ossuary
  7280 | Ossuary  | Reached skill level 1 in Translocations
  7295 | Ossuary  | Reached skill level 1 in Evocations
  7479 | Ossuary  | Reached skill level 1 in Transmutations
  7643 | D:6      | Reached skill level 1 in Necromancy
  7643 | D:6      | Reached XP level 9. HP: 36/39 MP: 9/14
  8111 | D:6      | Reached skill level 1 in Throwing
  8111 | D:6      | Reached skill level 1 in Earth Magic
  8111 | D:6      | Reached skill level 1 in Invocations
  8125 | D:6      | Reached skill level 1 in Poison Magic
  8187 | D:6      | Quit the game

Illustrated notes

Levels and vault maps discovered:
D:1:      lightli_arrival_maybe_door_vault, layout_loops_ring,
          minmay_pentomino_o2
D:2:      layout_rooms, serial_glass, glass_columns_a, glass_columns_b,
          minivault_26, hangedman_decor_lopped
D:3:      layout_basic, uniq_crazy_yiuf_cottage
D:4:      layout_loops_ring
D:5:      layout_cave_pools, kiku_gazebo_pond_becter,
          minmay_temple_entry_butterflies, uniq_edmund, uniq_pikel,
          uniq_prince_ribbit1
D:6:      layout_basic, cheibrodos_ashenzari_chains,
          grunt_temple_overflow_opulence, enter_ossuary_5, nzn_random_ring,
          uniq_sigmund
D:7:      layout_loops_ring, good_gods_temple_1, fedhas_altar_4, minivault_24,
          minivault_24
Temple:   nicolae_temple_godzebo

Skill      XL: |  1  2  3  4  5  6  7  8  9 |
---------------+----------------------------+-----
Dodging        | 3 4 5 6 |  6.0
Spellcasting   | 3 |  3.0
Hexes          | 4 5 7 10 | 10.0
Stealth        | 5 6 8 9 10 | 10.0
Short Blades   | 2 |  2.0
Translocations | 1 2 |  2.0
Evocations     | 1 |  1.3
Transmutations | 1 |  1.7
Necromancy     | 1 |  1.1
Throwing       | 1 |  1.0
Earth Magic    | 1 |  1.0
Invocations    | 1 |  1.0
Poison Magic   | 1 |  1.0
Axes           | |  0.9
Maces & Flails | |  0.5
Polearms       | |  0.6
Staves         | |  0.8
Ranged Weapons | |  0.8
Shields        | |  0.8
Conjurations   | |  0.6
Summonings     | |  0.6
Fire Magic     | |  0.9
Air Magic      | |  0.8

Action                   |  1- 3 |  4- 6 |  7- 9 || total
-------------------------+-------+-------+-------++-------
Melee: Dagger            |   102 |   113 |   198 ||   413
       Punch             |     1 |       |     1 ||     2
 Cast: Ensorcelled Hiber |    17 |    25 |    22 ||    64
       Confusing Touch   |       |     3 |    13 ||    16
  Use: Scroll            |       |     9 |     3 ||    12
 Stab: Sleeping          |    18 |    22 |    29 ||    69
       Distracted        |     2 |       |     1 ||     3
       Confused          |       |     3 |    11 ||    14
Armor: Robe              |    12 |    11 |    11 ||    34
Dodge: Dodged            |    77 |    84 |   110 ||   271
